Map: Moondance

Players

ShowDown

  • Race: Protoss Protoss
  • League: Grandmaster
  • Spawn Location: 6:00

BattleB - Winner!

  • Race: Terran Terran
  • Spawn Location: 12:00

VOD

Have the link to the VOD?

Description

Time

  • Played on: Jan. 21, 2023, 12:08 p.m.
  • Length: 8:32
Show
View Real Time Build Order
Export as new Build Order

ShowDown Protoss 

Build Orders: 1 Gate Expand, Phoenix Opening 

Get SALT Encoding   

  12  0:00  Probe  
  13  0:12  Probe  
  14  0:17  Pylon  
  14  0:25  Probe (Chrono Boost)  
  15  0:36  Gateway  
  15  0:37  Probe (Chrono Boost)  
  16  0:46  Probe (Chrono Boost), Assimilator  
  17  0:51  Probe  
  18  1:03  Probe  
  19  1:15  Probe  
  20  1:23  Cybernetics Core  
  20  1:31  Nexus  
  20  1:35  Probe  
  20  1:41  Pylon  
  20  1:48  Probe  
  20  1:50  Assimilator  
  21  1:56  Adept (Chrono Boost)  
  21  2:00  Probe  
  24  2:12  Probe  
  25  2:24  Probe  
  26  2:30  Stargate  
  26  2:31  Stalker (Chrono Boost)  
  29  2:37  Probe (Chrono Boost)  
  29  2:44  Warp Gate  
  29  2:45  Probe (Chrono Boost)  
  31  2:54  Shield Battery  
  31  2:55  Probe (Chrono Boost), Adept  
  31  2:56  Probe (Chrono Boost)  
  33  3:01  Probe (Chrono Boost)  
  33  3:04  Probe  
  35  3:12  Phoenix (Chrono Boost)  
  35  3:13  Probe  
  35  3:16  Probe  
  38  3:25  Probe  
  39  3:28  Phoenix  
  39  3:33  Probe  
  42  3:39  Probe  
  42  3:40  Pylon  
  43  3:45  Probe  
  44  3:51  Probe  
  44  3:52  Robotics Facility  
  44  3:53  Gateway  
  45  3:55  Assimilator  
  45  3:58  Probe  
  46  4:03  Assimilator  
  46  4:05  Probe (Chrono Boost)  
  47  4:10  Probe (Chrono Boost), Phoenix  
  47  4:15  Pylon  
  51  4:20  Probe x2 (Chrono Boost)  
  52  4:25  Probe (Chrono Boost)  
  52  4:27  Probe  
  54  4:35  Phoenix  
  54  4:36  Probe  
  55  4:39  Probe  
  54  4:48  Probe  
  54  4:51  Probe  
  56  4:55  Robotics Bay  
  56  5:00  Probe  
  57  5:08  Pylon  
  59  5:19  Immortal (Chrono Boost)  
  61  5:23  Nexus  
  61  5:25  Probe  
  61  5:26  Probe  
  63  5:32  Phoenix  
  65  5:37  Probe  
  65  5:41  Pylon  
  65  5:42  Probe  
  68  5:50  Probe  
  68  5:53  Pylon  
  68  5:54  Probe  
  68  6:01  Colossus (Chrono Boost)  
  68  6:02  Probe  
  66  6:06  Probe  
  73  6:14  Probe  
  73  6:15  Sentry x2  
  78  6:21  Probe  
  78  6:23  Extended Thermal Lance  
  79  6:27  Probe, Pylon  
  80  6:36  Twilight Council  
  80  6:39  Probe  
  81  6:40  Colossus (Chrono Boost)  
  81  6:46  Probe  
  88  6:56  Probe  
  88  7:00  Probe  
  84  7:04  Probe  
  84  7:05  Pylon, Phoenix (Chrono Boost)  
  87  7:09  Forge  
  87  7:11  Forge  
  81  7:25  Assimilator, Phoenix (Chrono Boost)  
  81  7:28  Zealot x2  
  87  7:33  Probe  
  87  7:34  Probe  
  87  7:35  Probe  
  96  7:44  Pylon  
  96  7:45  Probe  
  96  7:46  Probe  
  96  7:51  Probe  
  97  7:55  Forge  
  97  7:57  Probe  
  98  7:58  Forge  
  98  8:01  Gateway  
  98  8:02  Stalker x2  
  100  8:11  Probe  
  101  8:16  Probe  
  88  8:22  Pylon  
Show
View Real Time Build Order
Export as new Build Order

BattleB Terran - Winner!

Build Orders:  

Get SALT Encoding   

  12  0:00  SCV  
  13  0:12  SCV  
  14  0:17  Supply Depot  
  14  0:25  SCV  
  15  0:38  SCV  
  15  0:40  Barracks  
  16  0:43  Refinery  
  16  0:50  SCV  
  16  0:53  Refinery  
  17  1:03  SCV  
  18  1:15  SCV  
  19  1:25  Supply Depot  
  19  1:28  Orbital Command  
  19  1:29  Reaper  
  20  1:42  Factory  
  20  1:53  SCV  
  21  2:01  Reaper  
  22  2:06  SCV  
  23  2:17  Command Center  
  23  2:20  SCV  
  24  2:26  Hellion  
  26  2:32  SCV  
  26  2:34  Barracks Reactor  
  27  2:42  Starport  
  27  2:46  SCV  
  27  2:48  Widow Mine  
  30  2:53  Supply Depot  
  30  2:58  SCV  
  31  3:14  Marine x2  
  31  3:15  SCV, Widow Mine  
  36  3:21  Medivac  
  36  3:27  SCV  
  36  3:30  Orbital Command  
  36  3:32  Marine x2  
  39  3:36  Factory Tech Lab  
  39  3:39  SCV  
  40  3:50  Marine x2  
  40  3:51  SCV  
  40  3:53  Supply Depot  
  43  3:57  SCV  
  43  4:00  Factory Tech Lab  
  46  4:03  SCV  
  46  4:04  Barracks  
  46  4:09  SCV, Raven  
  48  4:11  Marine x2  
  50  4:17  Barracks  
  50  4:20  SCV  
  50  4:21  SCV  
  52  4:28  Refinery, Marine  
  52  4:29  Engineering Bay, Marine  
  54  4:34  Supply Depot  
  54  4:37  SCV x2  
  54  4:48  Supply Depot, Marine x2  
  54  4:49  SCV x2  
  58  4:56  Factory Reactor  
  58  4:57  Starport Reactor  
  58  4:58  Terran Infantry Weapons Level 1  
  58  5:01  SCV x2, Missile Turret  
  58  5:05  Stimpack  
  58  5:07  Marauder  
  62  5:10  Combat Shield  
  62  5:12  Marine  
  62  5:13  Marine  
  62  5:15  SCV  
  62  5:18  SCV  
  62  5:20  Marauder  
  66  5:25  Refinery  
  66  5:26  Missile Turret  
  66  5:27  SCV  
  67  5:30  SCV  
  67  5:35  Medivac  
  72  5:36  Widow Mine  
  72  5:38  Widow Mine  
  72  5:39  SCV, Marine  
  72  5:42  Marauder  
  78  5:46  Supply Depot  
  78  5:52  Supply Depot  
  78  5:54  Supply Depot  
  78  6:07  Marauder x2, Marine  
  78  6:08  Marine, Widow Mine x2, Medivac x2  
  90  6:24  Supply Depot, Marine  
  91  6:26  Supply Depot, Marine  
  91  6:29  Marauder x2  
  100  6:33  Widow Mine x2  
  99  6:41  Command Center  
  99  6:47  SCV x2  
  96  6:56  Marauder x2  
  96  6:58  Marine x2  
  96  7:01  SCV x2  
  97  7:09  Widow Mine x2  
  97  7:13  SCV  
  102  7:16  Marine  
  102  7:21  Barracks, SCV  
  104  7:23  Barracks  
  104  7:24  Marine x2  
  104  7:29  Marauder  
  108  7:31  SCV  
  108  7:33  SCV, Medivac  
  112  7:39  Medivac  
  112  7:40  Marine  
  112  7:42  Widow Mine x2  
  112  7:43  Marine  
  120  7:44  SCV  
  120  7:45  SCV  
  120  7:48  Marine  
  120  7:50  Marauder  
  123  7:56  SCV  
  123  7:58  Marine  
  123  8:01  Marine  
  123  8:03  SCV  
  123  8:06  Marauder  
  123  8:10  Barracks Tech Lab, Barracks Reactor  
  123  8:11  SCV  
Tags
 
Add a new tag
Caveats
  • Supply blocks, unpowered buildings, or Contaminate may cause inaccurate times.
  • Supply counts are checked every 10 seconds.